 Dungeon Crawl Stone Soup version 0.28.0-53-g5a82cb258f (webtiles) character file.

Game seed: 17078178383204657628

4 SanguineChosen the Grave Robber (level 1, 0/14 HPs)
             Began as a Ghoul Necromancer on June 2, 2022.
             Slain by a jackal (1 damage)
             ... on level 1 of the Dungeon.
             The game lasted 00:11:54 (263 turns).

SanguineChosen the Grave Robber (Ghoul Necromancer)  Turns: 263, Time: 00:11:55

Health: 0/14       AC:  2    Str: 17    XL:     1   Next: 70%
Magic:  0/2        EV: 12    Int: 10    God:
Gold:   11         SH:  0    Dex:  9    Spells: 2/3 levels left

rFire   . . .      SeeInvis .   (no weapon)
rCold   + . .      Faith    .   (no shield)
rNeg    + + +      Spirit   .   a - +0 robe
rPois   ∞          Reflect  .   (no helmet)
rElec   .          Harm     .   (no cloak)
rCorr   .          Rampage  .   (no gloves)
Will    .....                   (no boots)
Stlth   ++........              (no amulet)
HPRegen 0.00/turn               c - +6 ring of strength
MPRegen 0.08/turn               (no ring)

@: inhibited regen
A: claws 1, cold resistance 1, negative energy resistance 3, inhibited
regeneration, torment resistance 2
a: no special abilities


You were on level 1 of the Dungeon.
You visited 1 branch of the dungeon, and saw 1 of its levels.

You collected 11 gold pieces.

Inventory:

Armour
 a - a +0 robe (worn)
Jewellery
 c - a +6 ring of strength (left claw)
Scrolls
 b - a scroll of noise {unknown}


   Skills:
 + Level 1.7 Dodging
 + Level 2.2 Stealth
 + Level 1.8 Spellcasting
 + Level 4.2 Necromancy


You had 2 spell levels left.
You knew the following spells:

 Your Spells              Type           Power      Damage    Failure   Level
a - Pain                  Necr           36%        1d5       5%          1

Your spell library contained the following spells:

 Spells                   Type           Power      Damage    Failure   Level
 Animate Skeleton         Necr           18%        N/A       5%          1
 Vampiric Draining        Necr           9%         2d6       17%         3
 Animate Dead             Necr           4%         N/A       50%         4
 Agony                    Necr           9%         N/A       83%         5


Dungeon Overview and Level Annotations

Branches:
Dungeon (1/15)

Altars:


Innate Abilities, Weirdness & Mutations

You thrive by killing the living.
You are immune to poison.
You have sharp fingernails.
Your flesh is cold resistant. (rC+)
You are immune to negative energy. (rN+++)
You do not regenerate when monsters are visible.
You are immune to unholy pain and torment.


Message History

Aim: a jackal (chance to affect: 76%)
The jackal barely resists.
The endoplasm quivers.
The bat misses you. The jackal barely misses you. The jackal misses you.
The jackal bites you. The bat closely misses you. The bat barely misses you.
The endoplasm freezes you.
You are frozen.
You resist. The bat barely misses you. The jackal barely misses you.
The bat closely misses you. The bat barely misses you. The bat hits you.
The jackal bites you but does no damage.
The bat hits you but does no damage.
Casting: Pain (safe; 5% risk of failure)
Confirm with . or Enter, or press ? or * to list all spells.
Aiming: Pain (safe; 5% risk of failure)
Press: ? - help, Shift-Dir - straight line, f/p - jackal
Aim: a jackal (chance to affect: 76%)
The jackal writhes in agony.
The jackal misses you. The bat closely misses you.
The endoplasm jiggles.
The bat hits you but does no damage.
The endoplasm jiggles.
The bat hits you but does no damage. The jackal misses you.
The bat barely misses you. The jackal misses you. The jackal bites you.
* * * LOW HITPOINT WARNING * * *
The bat hits you.
* * * LOW HITPOINT WARNING * * *
Casting: Pain (safe; 5% risk of failure)
Confirm with . or Enter, or press ? or * to list all spells.
Aiming: Pain (safe; 5% risk of failure)
Press: ? - help, Shift-Dir - straight line, f/p - jackal
Aim: a jackal (almost dead, chance to affect: 76%)
The bat writhes in agony.
The bat hits you but does no damage. The jackal bites you.
You die...

.......# #..# #.≈.#.#.#...≈.....
....#.#####..# #.≈.#.#.#.≈≈≈.####
.............###.≈.#.#...≈.......
.............J...≈...#.≈≈≈.≈≈≈≈≈.
....#.#####..###J≈≈≈.#.≈...≈...≈.
....#.# ##..###b#.≈.#.≈.≈≈≈.≈.≈≈
....... ........#.≈...≈.....≈...
........###..###h#.≈≈≈.≈≈≈.<.≈≈≈.
........J.......@#...≈...≈.....≈.
#............###.###.≈≈≈.≈.≈≈≈.≈.
.....##.####.# #.# #...≈...≈...≈.
..# ###.≈≈≈≈≈.≈≈≈. #.#
.........≈... ..# ######.≈≈≈.#.
..# ..≈...#. #.#


You could see an endoplasm, a jackal and a bat.

Vanquished Creatures
  A bat (D:1)
  An endoplasm (D:1)
  A hobgoblin (D:1)
  A rat (D:1)
4 creatures vanquished.

Notes
Turn   | Place    | Note
-------+----------+-------------------------------------------
     0 | D:1      | SanguineChosen the Ghoul Necromancer began the quest for
                  | the Orb.
     0 | D:1      | Reached XP level 1. HP: 14/14 MP: 2/2
   231 | D:1      | Found a faded altar of an unknown god.
   263 | D:1      | Slain by a jackal

Illustrated notes

Levels and vault maps discovered:
D:1:      psy_arrival_radial02, layout_basic, serial_shops, shop,
          basic_ecumenical_altar

Action                   || total
-------------------------++-------
Melee: Unarmed           ||     4
 Cast: Pain              ||    13
 Stab: Sleeping          ||     1
Armor: Robe              ||     6
Dodge: Dodged            ||    21
